 Dungeon Crawl Stone Soup version 0.24.0-125-gc4c63601f3 (webtiles) character file.

Game seed: 5847042834541150528, levelgen mode: deterministic

124805 zedzed the Warrior (level 16, -26/159 HPs)
             Began as a Hill Orc Monk on Feb 29, 2020.
             Was a High Priest of Beogh.
             Killed from afar by a shock serpent (32 damage)
             ... with a bolt of electricity
             ... on level 4 of the Snake Pit on Mar 2, 2020.
             The game lasted 03:58:14 (32967 turns).

zedzed the Warrior (Hill Orc Monk)                 Turns: 32967, Time: 03:58:14

Health: -26/159    AC: 30    Str: 19    XL:     16   Next: 94%
Magic:  24/28      EV: 25    Int: 16    God:    Beogh [*****.]
Gold:   1264       SH: 13    Dex: 17    Spells: 15/15 levels left

rFire    . . .     SeeInvis +   A - +8 mace "Finihiun" {vamp, rN+ Dex+4 SInv}
rCold    + . .     Gourm    .   w - +0 shield
rNeg     + + .     Faith    .   Y - +2 plate armour {rN+}
rPois    .         Spirit   .   y - +2 hat {MR+}
rElec    .         Reflect  .   R - +2 cloak
rCorr    .         Harm     .   G - +2 pair of gloves {archery}
MR       ++...                  U - +2 pair of boots {Fly}
Stlth    ..........             M - amulet of the acrobat
HPRegen  0.36/turn              m - +3 ring of evasion
MPRegen  0.21/turn              x - ring of Ycwah {Wiz rC+ Int+4}

@: acrobat, flying, recalling
A: walk on water
a: Smiting, Stop Recall, Give Item to Named Follower, Renounce Religion, Stop
Flying


You were on level 4 of the Snake Pit.
You worshipped Beogh.
Beogh was extremely pleased with you.
You were hungry.

You visited 5 branches of the dungeon, and saw 28 of its levels.
You also visited: Ice Cave.

You collected 2987 gold pieces.
You spent 1723 gold pieces at shops.

Inventory:

Hand Weapons
 A - the +8 mace "Finihiun" (weapon) {vamp, rN+ Dex+4 SInv}
   (You found it on level 6 of the Dungeon)

   It inflicts no extra harm, but heals its wielder when it wounds a living foe.
   It affects your dexterity (+4).
   It protects you from negative energy.
   It lets you see invisible.
 D - a +5 halberd of venom
 E - a +0 halberd
 O - a +4 spear
 W - the +9 broad axe "Nigokk" {chop, rElec MR+ Int+7}
   (You bought it in a shop on level 9 of the Dungeon)

   It inflicts extra damage upon your enemies.
   It affects your intelligence (+7).
   It insulates you from electricity.
   It affects your resistance to hostile enchantments.
 X - a +3 glaive
 Z - a +1 trident of flaming
Missiles
 t - 21 boomerangs (quivered)
Armour
 b - a cursed +0 large shield
 f - the +1 leather armour "Ledexuez" {rElec rN+ Dex+2}
   (You found it on level 3 of the Snake Pit)

   It affects your dexterity (+2).
   It insulates you from electricity.
   It protects you from negative energy.
 w - a +0 shield (worn)
 y - a +2 hat of magic resistance (worn)
 G - a +2 pair of gloves of archery (worn)
 L - a +1 chain mail of fire resistance
 R - a +2 cloak (worn)
 U - a +2 pair of boots of flying (worn)
 Y - a +2 plate armour of positive energy (worn)
Jewellery
 m - a +3 ring of evasion (left hand)
 p - an uncursed ring of positive energy
 v - an uncursed ring of ice
 x - the ring of Ycwah (right hand) {Wiz rC+ Int+4}
   (You bought it in a shop on level 1 of the Snake Pit)

   [ring of wizardry]

   It improves your spell success rate.
   It affects your intelligence (+4).
   It protects you from cold.
 B - an uncursed amulet of guardian spirit
 M - an amulet of the acrobat (around neck)
 V - the ring "Xiuss" {rN++ Dex-2 SInv}
   (You found it on level 10 of the Dungeon)

   [ring of see invisible]

   It affects your dexterity (-2).
   It greatly protects you from negative energy.
   It lets you see invisible.
Wands
 n - a wand of paralysis (15)
 s - a wand of disintegration (13)
 J - a wand of acid (21)
 Q - a wand of iceblast (16)
Scrolls
 d - 2 scrolls of amnesia
 e - 7 scrolls of identify
 h - 4 scrolls of fog
 j - 9 scrolls of remove curse
 l - 3 scrolls of enchant weapon
 C - 2 scrolls of magic mapping
 K - 2 scrolls of fear
 P - 8 scrolls of teleportation
 S - 3 scrolls of blinking
 T - 3 scrolls of enchant armour
Potions
 a - 2 potions of brilliance
 g - 2 potions of resistance
 i - 11 potions of curing
 k - 8 potions of might
 q - 6 potions of agility
 r - 4 potions of invisibility
 I - 4 potions of haste
 N - 3 potions of heal wounds
Comestibles
 c - 25 rations


   Skills:
 + Level 18.4 Fighting
 - Level 13.9(16.2) Axes
 - Level 12.4(14.2) Maces & Flails
 + Level 11.9 Armour
 - Level 2.4 Dodging
 - Level 1.5 Stealth
 * Level 11.3 Shields
 + Level 16.6 Invocations


You had 15 spell levels left.
You didn't know any spells.
Your spell library contained the following spells:

 Spells                   Type           Power        Failure   Level  Hunger
 Confusing Touch          Hex            #.....       92%         1    ##.....
 Corona                   Hex            #......      92%         1    ##.....
 Flame Tongue             Conj/Fire      #....        92%         1    ##.....
 Magic Dart               Conj           #...         92%         1    ##.....
 Sandblast                Erth           #.....       92%         1    ##.....
 Shock                    Conj/Air       #...         92%         1    ##.....
 Summon Butterflies       Summ           #.......     92%         1    ##.....
 Blink                    Tloc           N/A          98%         2    ###....
 Call Imp                 Summ           #.......     98%         2    ###....
 Ensorcelled Hibernation  Hex/Ice        #.....       98%         2    ###....
 Passwall                 Tmut/Erth      #.......     98%         2    ###....
 Poisonous Vapours        Pois/Air       #.....       98%         2    ###....
 Searing Ray              Conj           #.....       98%         2    ###....
 Slow                     Hex            #.......     98%         2    ###....
 Call Canine Familiar     Summ           #.......     100%        3    ####...
 Confuse                  Hex            #.......     100%        3    ####...
 Conjure Flame            Conj/Fire      #.......     100%        3    ####...
 Dazzling Spray           Conj/Hex       #.....       100%        3    ####...
 Gell's Gravitas          Tloc           #.........   100%        3    ####...
 Mephitic Cloud           Conj/Pois/Air  #.......     100%        3    ####...
 Recall                   Summ/Tloc      N/A          100%        3    ####...
 Stone Arrow              Conj/Erth      #.....       100%        3    ####...
 Tukima's Dance           Hex            #.......     100%        3    ####...
 Animate Dead             Necr           N/A          100%        4    #####..
 Iskenderun's Mystic Bla  Conj           #.......     100%        4    #####..
 Petrify                  Tmut/Erth      #.......     100%        4    #####..
 Summon Ice Beast         Ice/Summ       #.......     100%        4    #####..
 Alistair's Intoxication  Tmut/Pois      #.......     100%        5    ######.
 Borgnjor's Vile Clutch   Necr/Erth      #.........   100%        5    ######.
 Fireball                 Conj/Fire      #.........   100%        5    ######.
 Lee's Rapid Deconstruct  Erth           #.........   100%        5    ######.
 Metabolic Englaciation   Hex/Ice        #.........   100%        5    ######.
 Summon Mana Viper        Hex/Summ       #.......     100%        5    ######.
 Venom Bolt               Conj/Pois      #.........   100%        5    ######.
 Yara's Violent Unravell  Hex/Tmut       #.........   100%        5    ######.
 Death Channel            Necr           #.........   100%        6    #######
 Freezing Cloud           Conj/Ice/Air   #.........   100%        6    #######
 Iron Shot                Conj/Erth      #.........   100%        6    #######
 Simulacrum               Ice/Necr       #.........   100%        6    #######
 Ring of Flames           Chrm/Fire      #.........   100%        7    #######
 Summon Hydra             Summ           #.........   100%        7    #######


Dungeon Overview and Level Annotations

Branches:
Dungeon (15/15) Temple (0/1) D:7 Lair (6/6) D:9 Swamp (0/4) Lair:2 Snake (4/4) Lair:2 Slime (0/5) Lair:5 Orc (2/2) D:9 Elf (1/3) Orc:2 Vaults (0/5) D:13 D:14 Depths (0/5) D:15 IceCv (visited)

Altars:
Ashenzari
Cheibriados
Dithmenos
Fedhas
Gozag
Hepliaklqana
Nemelex Xobeh
Okawaru
Qazlal
Sif Muna
Trog
Vehumet
Xom
Yredelemnul
Zin
The Shining One
Beogh
Jiyva

Shops:
D:7 *   D:9 *[[*   Orc:2 [%%?   Snake:1 *([}=   Snake:3 ??=   Snake:4 }}=

Annotations:
D:6 1 runed translucent door, Crazy Yiuf
D:8 1 transporter, Esos's ghost, novice DgIE
Lair:3 2 transporters, Sadonosm's ghost, journeyman DgSk


Message History

The shock serpent bites you!
* * * LOW HITPOINT WARNING * * *
The shock serpent shocks you!
* * * LOW HITPOINT WARNING * * *
Boldo misses the shock serpent.
You swap places.
Something loses its grip on your orc knight.
Your orc knight is recalled.
Your orc priest is recalled.
Your orc knight no longer looks unusually strong.
The shock serpent bites Marbaugh but does no damage.
Marbaugh closely misses the shock serpent.
Urug hits the shock serpent with a +0 halberd of protection!!
The shock serpent's electric aura discharges, shocking Urug!
Boghold roars a battlecry!
Your orcs go into a battle-frenzy!
Your orc priest calls upon Beogh to heal Urug.
Urug's wounds heal themselves!
The shock serpent shoots out a bolt of lightning at you!
The bolt of electricity hits Marbaugh.
The bolt of electricity hits you!!
You die...

..........
.........##
..........###
............#
............#
......$.....#
......S.oo..##
......ooo<...#
......o@o....#
.......oo...##
............#
............#
............#
.............#
##############


You could see a shock serpent, the friendly Boldo the orc warlord, the friendly
Ogrik the orc warlord, a friendly orc knight, the friendly Boghold the orc
knight, the friendly Marbaugh the orc knight, the friendly Rocco the orc knight,
the friendly Urug and 2 friendly orc priests.

Vanquished Creatures
  Jorgrun (D:13)
  Gastronok (D:11)
  2 nagarajas
  3 slime creatures
  Snorg (D:13)
  An ogre mage (Orc:2)
  4 hydras
  A rakshasa (D:15)
  A centaur warrior (D:14)
  2 anacondas
  6 two-headed ogres
  2 naga sharpshooters
  Sonja (Orc:2)
  5 shock serpents
  A fire crab (shapeshifter) (D:15)
  2 skeletal warriors
  A sea snake (Snake:2)
  A glowing orange brain (D:15)
  4 unseen horrors
  A mana viper (Snake:1)
  A necromancer (IceCv)
  A deep elf mage (D:11)
  2 salamanders (Snake:3)
  5 elephants (Lair:6)
  A manticore (Lair:6)
  6 ugly things
  2 cyclopes
  2 orc sorcerers (Orc:1)
  2 centaur zombies
  2 guardian serpents
  6 black mambas
  A centaur skeleton (D:14)
  Joseph (D:8)
  3 ice statues (IceCv)
  2 torpor snails
  2 gargoyles (D:12)
  3 naga magi (Snake:1)
  2 efreet
  A kobold demonologist (D:12)
  6 spiny frogs
  2 komodo dragons
  6 rime drakes
  8 ice devils (IceCv)
  2 polar bears
  3 trolls
  A meliai (D:14)
  A hornet (Lair:6)
  2 wind drakes (Lair:6)
  A dream sheep (Lair:6)
  6 hippogriffs
  5 blink frogs
  7 wyverns
  A spriggan (D:7)
  Sigmund (D:4)
  Eustachio (D:6)
  3 basilisks
  9 yaks
  A human (D:13)
  11 vampire mosquitoes
  A swamp worm (Lair:1)
  6 acid dragons
  A hell hound (Lair:4)
  13 nagas
  5 water moccasins
  5 porcupines
  Duvessa (D:6)
  6 orc warriors
  A swamp drake (D:9)
  4 ice beasts
  2 sky beasts
  9 ogres
  6 wolves
  3 boggarts (D:15)
  3 phantoms
  8 centaurs
  7 crocodiles
  12 bullfrogs
  A gnoll sergeant (D:8)
  A wyvern skeleton (D:8)
  6 scorpions
  Dowan (D:6)
  26 killer bees
  5 wights (D:11)
  6 electric eels
  2 crimson imps
  A howler monkey (D:8)
  A quasit (D:8)
  2 draconian simulacra (IceCv)
  A bullfrog zombie (D:12)
  5 jellies
  8 orc priests
  2 hounds
  A bullfrog skeleton (D:9)
  3 iguanas
  6 orc wizards
  9 worker ants
  4 troll simulacra (IceCv)
  A centaur simulacrum (IceCv)
  3 hound skeletons
  Robin (D:2)
  5 gnolls
  A naga simulacrum (IceCv)
  A worker ant zombie (D:6)
  13 adders
  A howler monkey skeleton (D:10)
  2 ogre simulacra (IceCv)
  4 shadow imps
  2 oozes
  An adder skeleton (D:4)
  2 worms (D:2)
  3 dart slugs (D:1)
  6 leopard geckos
  18 orcs
  11 bats
  5 giant cockroaches
  13 goblins
  12 hobgoblins
  10 jackals
  7 kobolds
  7 quokkas
  A ball python (D:3)
  4 frilled lizards
  2 jackal skeletons
  A leopard gecko skeleton (D:8)
  A quokka zombie (D:5)
  10 rats
  5 fungi
  A plant (Lair:3)
  2 toadstools (D:6)
503 creatures vanquished.

Vanquished Creatures (collateral kills)
  Donald (Snake:1)
  A nagaraja (Snake:4)
  Azrael (Snake:1)
  Fannar (Lair:3)
  5 naga warriors (Snake:4)
  A catoblepas (D:14)
  3 hydras
  2 centaur warriors (D:14)
  A merfolk avatar (Lair:6)
  6 anacondas
  3 ogre magi (Orc:2)
  15 two-headed ogres
  3 shock serpents
  7 naga sharpshooters
  2 salamander mystics
  6 skeletal warriors
  A sea snake (Snake:2)
  A sea snake (shapeshifter) (D:15)
  3 unseen horrors
  2 naga ritualists (Snake:4)
  2 orc knights (Orc:1)
  2 harpies (Lair:6)
  7 mana vipers
  A harpy (shapeshifter) (D:15)
  6 deep elf magi
  16 ugly things
  5 manticores
  8 salamanders
  A cyclops (Orc:1)
  13 elephants (Lair:6)
  2 guardian serpents
  3 naga magi
  10 black mambas
  A gargoyle (D:13)
  A centaur skeleton (D:15)
  4 spiny frogs
  8 rime drakes
  A kobold demonologist (D:12)
  5 komodo dragons (Lair:6)
  A demonic crawler (Lair:1)
  3 trolls
  A queen bee (D:14)
  2 meliai (D:14)
  A wind drake (Lair:6)
  5 hornets (Lair:6)
  3 polar bears (Lair:6)
  17 blink frogs
  3 dream sheep (Lair:6)
  5 slime creatures
  11 hippogriffs
  3 wraiths
  7 wyverns
  A tarantella (shapeshifter) (D:13)
  11 yaks
  3 fire elementals (Snake:1)
  A basilisk (shapeshifter) (D:15)
  15 humans (D:13)
  7 basilisks
  A hungry ghost (D:15)
  11 vampire mosquitoes
  A warg (Orc:2)
  An acid dragon (D:13)
  17 nagas
  A hell hound (Snake:1)
  6 water moccasins
  5 ice beasts
  A porcupine (Lair:3)
  8 orc warriors
  A sky beast (D:14)
  18 ogres (Orc:2)
  A black bear (D:10)
  2 eyes of draining
  12 wolves
  8 centaurs
  5 crocodiles
  A big kobold (D:12)
  10 bullfrogs
  A scorpion (D:12)
  10 killer bees
  3 electric eels
  2 wights (D:11)
  A howler monkey (D:9)
  A crimson imp (D:9)
  A quasit (D:9)
  4 centaur zombies
  3 jellies
  A gnoll shaman (Orc:2)
  8 orc priests
  4 hounds
  3 iguanas
  6 orc wizards
  3 worker ants
  A hound zombie (D:11)
  A hound skeleton (D:11)
  8 gnolls
  An adder (D:11)
  A shadow imp (D:12)
  16 orcs
  2 kobolds (D:12)
  A bush (Lair:6)
  7 fungi
  15 plants
475 creatures vanquished.

Vanquished Creatures (others)
  An orc high priest (Snake:3)
  An anaconda (Snake:2)
  2 orc knights
  An orc sorcerer (Lair:4)
  8 orc warriors
  10 orc wizards
  8 orc priests
  47 orcs
  12 fungi
  9 plants
  2 toadstools (D:6)
101 creatures vanquished.

Grand Total: 1079 creatures vanquished

Notes
Turn   | Place    | Note
-------+----------+-------------------------------------------
     0 | D:1      | zedzed the Hill Orc Monk began the quest for the Orb.
     0 | D:1      | Reached XP level 1. HP: 19/19 MP: 1/1
   127 | D:1      | Reached XP level 2. HP: 22/27 MP: 2/2
   184 | D:1      | Reached skill level 4 in Fighting
   340 | D:1      | Reached XP level 3. HP: 34/34 MP: 3/3
   416 | D:1      | Reached skill level 5 in Axes
   879 | D:1      | Reached XP level 4. HP: 38/41 MP: 4/4
  1268 | D:2      | Reached skill level 5 in Fighting
  1352 | D:2      | Noticed Robin
  1392 | D:2      | Killed Robin
  2317 | D:3      | Reached XP level 5. HP: 28/48 MP: 5/5
  2483 | D:3      | Found an opulent altar of Gozag.
  2796 | D:3      | Found a shadowy altar of Dithmenos.
  3819 | D:4      | Found a shattered altar of Ashenzari.
  3948 | D:4      | Found a glowing golden altar of the Shining One.
  3949 | D:4      | Found a basalt altar of Yredelemnul.
  3950 | D:4      | Found a hazy altar of Hepliaklqana.
  3950 | D:4      | Found a shimmering blue altar of Sif Muna.
  3950 | D:4      | Found a shimmering altar of Xom.
  3951 | D:4      | Found a bloodstained altar of Trog.
  3953 | D:4      | Found a glowing silver altar of Zin.
  3954 | D:4      | Found a stormy altar of Qazlal.
  3955 | D:4      | Found an iron altar of Okawaru.
  4003 | D:4      | Reached skill level 6 in Fighting
  4237 | D:4      | Noticed Sigmund
  4254 | D:4      | Killed Sigmund
  4254 | D:4      | Reached XP level 6. HP: 57/58 MP: 6/6
  4902 | D:4      | Reached skill level 1 in Armour
  4902 | D:4      | Reached XP level 7. HP: 35/64 MP: 7/7
  5169 | D:4      | Reached skill level 7 in Fighting
  5383 | D:5      | Entered Level 5 of the Dungeon
  5636 | D:5      | Became a worshipper of Beogh the Brigand
  5636 | D:5      | Reached * piety under Beogh
  5636 | D:5      | Reached ** piety under Beogh
  6569 | D:6      | Found a runed translucent door.
  6570 | D:6      | Got an encrusted mace
  6571 | D:6      | Noticed Crazy Yiuf
  6574 | D:6      | Got an ichor-stained mace
  6582 | D:6      | Identified the +5 mace of the Modern Princes {drain, rF+
                  | Int+4} (You found it on level 6 of the Dungeon)
  6583 | D:6      | Identified the +8 mace "Finihiun" {vamp, rN+ Dex+4 SInv}
                  | (You found it on level 6 of the Dungeon)
  6797 | D:6      | Noticed Eustachio
  6803 | D:6      | Killed Eustachio
  6803 | D:6      | Reached skill level 1 in Maces & Flails
  6803 | D:6      | Reached skill level 1 in Invocations
  6803 | D:6      | Reached XP level 8. HP: 74/74 MP: 7/9
  6929 | D:6      | Noticed Dowan
  6937 | D:6      | Killed Dowan
  6937 | D:6      | Noticed Duvessa
  6950 | D:6      | Killed Duvessa
  7394 | D:7      | Reached skill level 8 in Fighting
  7490 | D:7      | Found a radiant altar of Vehumet.
  7531 | D:7      | Found Waedd's Assorted Antiques.
  7537 | D:7      | Bought a pair of glowing gloves for 262 gold pieces
  7598 | D:7      | Reached skill level 1 in Shields
  7759 | D:7      | Found a staircase to the Ecumenical Temple.
  7788 | D:7      | Reached skill level 5 in Armour
  7903 | D:7      | Noticed a spriggan baker
  7907 | D:7      | Killed a spriggan baker
  7907 | D:7      | Reached XP level 9. HP: 82/82 MP: 0/12
  8374 | D:7      | Found a roughly hewn altar of Beogh.
  8746 | D:8      | Reached *** piety under Beogh
  8750 | D:8      | Reached skill level 5 in Invocations
  8779 | D:7      | Reached skill level 9 in Fighting
  8779 | D:7      | Reached skill level 5 in Shields
  9256 | D:8      | Found a transporter.
  9257 | D:8      | Noticed Esos's ghost (novice DgIE)
  9336 | D:8      | Noticed Joseph
  9345 | D:8      | Killed Joseph
  9367 | D:8      | Reached XP level 10. HP: 93/93 MP: 14/14
  9521 | D:8      | Reached skill level 10 in Fighting
  9605 | D:8      | Found a shimmering altar of Xom.
  9678 | D:8      | Found a blossoming altar of Fedhas.
  9958 | D:8      | Gained Morbeogh as an ally
 10211 | D:9      | Reached **** piety under Beogh
 10457 | D:9      | Found Tuamucad's Armour Shop.
 10461 | D:9      | Bought a cursed +0 large shield for 19 gold pieces
 10467 | D:9      | Found Qaghenluzo's Assorted Antiques.
 10472 | D:9      | Bought a golden potion for 26 gold pieces
 10472 | D:9      | Bought a bubbling blue potion for 26 gold pieces
 10472 | D:9      | Bought a scroll of identify for 58 gold pieces
 10472 | D:9      | Bought a brown potion for 26 gold pieces
 10526 | D:9      | Gained Boldo as an ally
 10538 | D:9      | Found a staircase to the Lair.
 10545 | D:9      | Found Sionnac's Antique Armour Boutique.
 10677 | D:9      | Identified Vehumet's Volume of Fiery Combat Magic
 10691 | D:9      | Noticed a two-headed ogre
 10698 | D:9      | Killed a two-headed ogre
 10698 | D:9      | Reached skill level 11 in Fighting
 10788 | D:9      | Found Apola's Assorted Antiques.
 10859 | D:9      | Found a staircase to the Orcish Mines.
 11179 | D:10     | Entered Level 10 of the Dungeon
 11371 | D:10     | Found a snail-covered altar of Cheibriados.
 11538 | D:10     | Found a transporter.
 11754 | D:10     | Reached skill level 10 in Axes
 11924 | D:10     | Found a transporter.
 12055 | D:10     | Reached XP level 11. HP: 102/102 MP: 16/16
 12102 | D:10     | Identified a scroll of acquirement
 12103 | D:10     | Got a faintly humming ring mail
 12114 | D:10     | Identified the +1 ring mail of Melancholy {*Slow Dex+8}
                  | (You acquired it on level 10 of the Dungeon)
 12151 | Lair:1   | Entered Level 1 of the Lair of Beasts
 12342 | Lair:1   | Noticed a six-headed hydra
 12350 | Lair:1   | Killed a five-headed hydra
 12448 | Lair:1   | Noticed a five-headed hydra
 12457 | Lair:1   | Killed a five-headed hydra
 12457 | Lair:1   | Reached skill level 12 in Fighting
 13170 | Lair:2   | Found a staircase to the Snake Pit.
 13571 | Lair:2   | Found a staircase to the Swamp.
 13776 | D:9      | Bought a smoking broad axe for 180 gold pieces
 13776 | D:9      | Identified the +9 broad axe "Nigokk" {chop, rElec MR+
                  | Int+7} (You bought it in a shop on level 9 of the Dungeon)
 14426 | Lair:3   | Reached ***** piety under Beogh
 14522 | Lair:3   | Reached skill level 13 in Fighting
 14586 | Lair:3   | Identified the cursed +1 demon trident "Woddar" {chaos,
                  | -Tele rElec Int+4 Dex+3}
 14586 | Lair:3   | Noticed a spriggan rider
 14587 | Lair:3   | Noticed Fannar
 14593 | Lair:3   | Killed Fannar
 14594 | Lair:3   | Identified the cursed +1 lajatang "Dorchojo" {antimagic,
                  | rF+ Int+2}
 14594 | Lair:3   | Noticed a spriggan berserker
 14606 | Lair:3   | Noticed a moth of wrath
 14628 | Lair:3   | Noticed Sadonosm's ghost (journeyman DgSk)
 14701 | Lair:3   | Noticed a moth of wrath
 14703 | Lair:3   | Found a bloodstained altar of Trog.
 14713 | Lair:3   | Found a transporter.
 14887 | Lair:3   | Found a transporter.
 15147 | Lair:3   | Reached XP level 12. HP: 109/115 MP: 19/19
 15429 | Lair:4   | Found a runed translucent door.
 15435 | Lair:4   | Noticed a seven-headed hydra
 15444 | Lair:4   | Killed a nine-headed hydra
 15449 | Lair:4   | Reached skill level 10 in Invocations
 15456 | Lair:4   | Identified the Tome of Shifting Arcane Weapons
 15833 | Lair:4   | Reached skill level 14 in Fighting
 15836 | Lair:4   | Noticed a four-headed hydra
 15852 | Lair:4   | Killed a four-headed hydra
 16363 | D:9      | Bought a pair of embroidered boots for 150 gold pieces
 16519 | Lair:5   | Noticed a six-headed hydra
 16528 | Lair:5   | Killed a six-headed hydra
 16528 | Lair:5   | Reached skill level 10 in Armour
 16587 | Lair:5   | Gained Ogrik as an ally
 16773 | Lair:5   | Reached XP level 13. HP: 64/125 MP: 12/21
 17095 | Lair:5   | Found a runed translucent door.
 17095 | Lair:5   | Found a viscous altar of Jiyva.
 17096 | Lair:5   | Found a staircase to the Slime Pits.
 17373 | Lair:6   | Entered Level 6 of the Lair of Beasts
 17699 | Lair:6   | Found the +5 demon whip "Spellbinder" {antimagic, MR+}
 17874 | Lair:6   | Reached skill level 15 in Fighting
 18272 | Lair:6   | Reached skill level 5 in Maces & Flails
 18281 | Lair:6   | Reached ****** piety under Beogh
 19494 | Orc:1    | Entered Level 1 of the Orcish Mines
 19501 | Orc:1    | Reached XP level 14. HP: 135/135 MP: 23/23
 19866 | Orc:2    | Entered Level 2 of the Orcish Mines
 19866 | Orc:2    | Found a staircase to the Elven Halls.
 20018 | Orc:2    | Found Yrassekkog's Food Boutique.
 20043 | Orc:2    | Found Teasit's Magic Scroll Emporium.
 20043 | Orc:2    | Found Ejethrieq's Food Boutique.
 20043 | Orc:2    | Found Zuose's Antique Armour Shoppe.
 20068 | Orc:2    | Bought an embroidered cloak for 165 gold pieces
 20253 | Orc:2    | Noticed Sonja
 20255 | Orc:2    | Killed Sonja
 20522 | Elf:1    | Entered Level 1 of the Elven Halls
 20529 | Elf:1    | Reached skill level 16 in Fighting
 21105 | D:10     | Got a scorched silver ring
 21111 | D:10     | Got a pair of ancient boots
 21136 | D:10     | Identified the cursed -1 pair of boots of Wu Jian's
                  | Condemnation {rElec Dex+3} (You found it on level 10 of the
                  | Dungeon)
 21137 | D:10     | Identified the ring "Xiuss" {rN++ Dex-2 SInv} (You found it
                  | on level 10 of the Dungeon)
 21172 | D:11     | Found a shattered altar of Ashenzari.
 21408 | D:11     | Gained Rocco as an ally
 21455 | D:11     | Noticed Gastronok
 21464 | D:11     | Reached skill level 10 in Maces & Flails
 21473 | D:11     | Killed Gastronok
 22880 | D:12     | Found a frozen archway.
 22889 | IceCv    | Entered an ice cave
 22921 | IceCv    | Reached XP level 15. HP: 74/145 MP: 11/25
 24673 | D:13     | Noticed Jorgrun
 24677 | D:13     | Killed Jorgrun
 24870 | D:13     | Noticed Snorg
 25072 | D:13     | Killed Snorg
 25277 | D:14     | Found a gate to the Vaults.
 25277 | D:14     | Noticed Urug
 25399 | D:13     | Gained Marbaugh as an ally
 25399 | D:13     | Reached skill level 17 in Fighting
 25514 | D:14     | Gained Spirok as an ally
 25840 | D:14     | Reached skill level 15 in Invocations
 25999 | D:14     | Your ally Spirok died
 26631 | D:15     | Entered Level 15 of the Dungeon
 26853 | D:15     | Found a sparkling altar of Nemelex Xobeh.
 27014 | D:15     | Reached XP level 16. HP: 106/157 MP: 13/27
 27121 | D:15     | Found a staircase to the Depths.
 27784 | Snake:1  | Entered Level 1 of the Snake Pit
 27790 | Snake:1  | Noticed Donald
 27800 | Snake:1  | Killed Donald
 28299 | Snake:1  | Reached skill level 10 in Shields
 28326 | Snake:1  | Found Roarix's Jewellery Shoppe.
 28355 | Snake:1  | Bought the ring of Ycwah {Wiz rC+ Int+4} for 681 gold
                  | pieces
 28465 | Snake:1  | Found Radgho Pemeps's Armour Emporium.
 28486 | Snake:1  | Found Fask's Weapon Emporium.
 28492 | Snake:1  | Bought a cursed +0 bardiche for 102 gold pieces
 28502 | Snake:1  | Found Ygoinlun's Assorted Antiques.
 28581 | Snake:1  | Noticed Azrael
 28590 | Snake:1  | Found Mecoucs's Gadget Shoppe.
 28595 | Snake:1  | Killed Azrael
 28744 | Snake:1  | Reached skill level 18 in Fighting
 30870 | Snake:3  | Your ally Morbeogh died
 30907 | Snake:3  | Noticed a nagaraja
 30919 | Snake:3  | Killed a nagaraja
 31383 | Snake:3  | Found Vuegg's Magic Scroll Emporium.
 31388 | Snake:3  | Found Sapoiwod's Magic Scroll Emporium.
 31395 | Snake:3  | Bought a scroll of identify for 28 gold pieces
 31442 | Snake:3  | Found Penuer's Jewellery Shoppe.
 31450 | Snake:3  | Got a brightly glowing leather armour
 31461 | Snake:3  | Identified the cursed +1 leather armour "Ledexuez" {rElec
                  | rN+ Dex+2} (You found it on level 3 of the Snake Pit)
 31868 | Snake:4  | Entered Level 4 of the Snake Pit
 31873 | Snake:4  | Gained Boghold as an ally
 31906 | Snake:4  | Found Bogeg's Gadget Shop.
 31907 | Snake:4  | Found Jinegiun's Jewellery Emporium.
 31908 | Snake:4  | Found Logy's Gadget Shop.
 32410 | Snake:4  | Noticed a nagaraja
 32417 | Snake:4  | Killed a nagaraja
 32941 | Snake:4  | Noticed a nagaraja
 32944 | Snake:4  | Killed a nagaraja
 32959 | Snake:4  | Noticed a nagaraja
 32966 | Snake:4  | HP: 6/159 [shock serpent (12)]
 32967 | Snake:4  | Killed from afar by a shock serpent

Levels and vault maps discovered:
D:1:      dpeg_arrival_rooms_b, layout_rooms, minmay_split_cup_large
D:2:      layout_loops_corners, uniq_robin
D:3:      layout_basic, marbit_many_paths, grunt_gozag_statues
D:4:      layout_basic, minitemple, first_ration, uniq_sigmund
D:5:      layout_gridville
D:6:      layout_loops_ring, minmay_gold_behind_fungi, uniq_eustachio,
          uniq_duvessa, uniq_crazy_yiuf_cottage
D:7:      layout_loops_corners, minmay_temple_entry_slanted, basic_altar,
          serial_shops, shop, the_bakery, david_defended_altar_orc
D:8:      layout_gridville, overflow_temple_1_default, gammafunk_ghost_smash,
          basic_altar, uniq_joseph
D:9:      layout_rooms, dpeg_oklobed_lair, erik_orc_1, serial_shops, shop, shop,
          shop, shop_fountains
D:10:     gammafunk_cloud_chamber, layout_cave_pods, basic_altar
D:11:     minmay_the_grid_octo_tiled_octocenter [minmay_the_grid_octo_toaster,
          minmay_the_grid_octo_pinwheel, minmay_the_grid_octo_tetromino_candy,
          minmay_the_grid_octo_focus, minmay_the_grid_octo_prize_big_c,
          minmay_the_grid_square_5x5_corner, minmay_the_grid_square_5x5_minimal,
          minmay_the_grid_square_5x5_minibox,
          minmay_the_grid_square_5x5_misaligned], layout_grid_maze,
          st_stairs_11, minivault_19, kennysheep_decorative_pillar,
          evilmike_ruin_ashenzari, uniq_gastronok
D:12:     layout_roguey [special_room_orc], portal_ice_cave_entry_pillars_2,
          grunt_ministairs_12
D:13:     layout_loops_cross, uniq_snorg, uniq_jorgrun
D:14:     layout_basic, david_vaults_3, minmay_misc_feat_room, minivault_7
D:15:     gammafunk_enter_depths_forms, layout_long_grid, corexii_corridor_pit,
          nemelex_diamond_rough_becter
Lair:1:   layout_regular_city, nicolae_quartered_pool_super, worms_lemuel
Lair:2:   layout_chaotic_city, swamp_mist, minmay_snake_entry_guardpost_small,
          grunt_forest_small_clearings, columned_hall_lemuel
Lair:3:   layout_small_grid, gammafunk_ghost_wrathful_warriors, uniq_fannar
Lair:4:   layout_roguey, special_room [special_room_mythical_zoo],
          pf_torpor_hydra
Lair:5:   layout_big_grid, slime_altar_2, infiniplex_staircase_pool,
          lemuel_fruit_fields, serial_bayou_shore_a
Lair:6:   gammafunk_lair_ancient_temple, layout_cave_pods, minivault_11,
          st_stairs_7
Snake:1:  layout_gridlike, serial_shops, shop, nicolae_shop_behind_doors, shop,
          shop, shop, uniq_azrael, uniq_donald
Snake:2:  layout_misc_corridors, serial_bayou_lagoon_b
Snake:3:  nrook_guardian_serpent_snake_passage, layout_misc_corridors,
          serial_shops, shop, minmay_shop_star
Snake:4:  johnstein_snake_rune_scales, layout_cave_shapes, serial_bayou_pond_e,
          minmay_shop_grove
Orc:1:    layout_caves, serial_shops
Orc:2:    st_orc_ogre_mass, layout_caves, uniq_sonja
Elf:1:    minmay_elf_arrival_circle, layout_gridlike, minmay_elf_crystal_hexagon

Skill      XL: |  1  2  3  4  5  6  7  8  9 10 11 12 13 14 15 16 |
---------------+-------------------------------------------------+-----
Fighting       | 4 5 6 7 8 9 11 13 14 15 16 17 18 | 18.4
Axes           | 5 7 8 10 11 12 13 | 13.9
Armour         | 1 4 5 6 7 9 10 11 | 11.9
Maces & Flails | 1 3 7 11 12 | 12.4
Invocations    | 1 4 6 7 9 10 12 14 15 16 | 16.6
Shields        | 3 5 7 8 9 11 | 11.3
Dodging        | |  2.4
Stealth        | |  1.5

Action                   |  1- 3 |  4- 6 |  7- 9 | 10-12 | 13-15 | 16-18 || total
-------------------------+-------+-------+-------+-------+-------+-------++-------
Melee: Hand axe          |   155 |   276 |   150 |       |       |       ||   581
       Mace              |       |       |   262 |   321 |  1062 |   412 ||  2057
       Broad axe         |       |       |       |   162 |    57 |       ||   219
Throw: Boomerang         |       |       |     4 |       |       |     6 ||    10
Invok: Convert to Beogh  |       |       |     1 |       |       |       ||     1
       Smiting           |       |       |     2 |     8 |    32 |    14 ||    56
       Recall Orcish Fol |       |       |       |     9 |    14 |     6 ||    29
       Give Item to Name |       |       |       |     1 |     1 |     2 ||     4
       Stop Recall       |       |       |       |       |       |     2 ||     2
Evoke: Wand              |       |     3 |       |     1 |       |     2 ||     6
  Use: Scroll            |       |     4 |    10 |     9 |    10 |     9 ||    42
       Potion            |       |     1 |       |       |       |     3 ||     4
 Stab: Sleeping          |     3 |     2 |       |       |       |       ||     5
       Distracted        |       |       |       |     4 |    11 |     5 ||    20
       Confused          |       |       |       |     1 |       |       ||     1
       Invisible         |       |       |       |       |       |     2 ||     2
  Eat: Chunk             |       |    13 |     5 |     8 |     6 |       ||    32
       Ration            |       |       |     3 |     5 |     8 |     5 ||    21
Armor: Robe              |    28 |    39 |       |       |       |       ||    67
       Chain mail        |       |     6 |   208 |   330 |    89 |       ||   633
       Plate armour      |       |       |       |       |   518 |   203 ||   721
Dodge: Dodged            |   114 |   143 |   239 |   302 |   459 |   141 ||  1398
Block: Buckler           |       |       |    68 |   171 |   357 |    27 ||   623
       Shield            |       |       |       |       |       |   208 ||   208
